 Dungeon Crawl Stone Soup version 0.29-a0-542-g075992c915 (webtiles) character file.

Game seed: 15638482622959919337

8193 vineage the Fighter (level 11, -2/80 HPs)
             Began as a Gargoyle Fighter on June 3, 2022.
             Was an Elder of Okawaru.
             Killed from afar by a wretched star (11 damage)
             ... with a lance of force
             ... on level 3 of the Abyss.
             The game lasted 00:11:13 (10613 turns).

vineage the Fighter (Gargoyle Fighter)             Turns: 10613, Time: 00:11:15

Health: -2/80      AC: 16    Str: 21    XL:     11   Next: 27%
Magic:  11/11      EV: 10    Int: 10    God:    Okawaru [****..]
Gold:   1291       SH:  7    Dex: 13    Spells: 10/10 levels left

rFire   + . .      SeeInvis .   I - +2 eveningstar
rCold   . . .      Faith    .   c - +1 buckler
rNeg    + + .      Spirit   .   b - +0 scale mail
rPois   ∞          Reflect  .   (no helmet)
rElec   +          Harm     .   (no cloak)
rCorr   .          Rampage  .   (no gloves)
Will    .....                   (no boots)
Stlth   ..........              (no amulet)
HPRegen 0.23/turn               n - ring of protection from fire
MPRegen 0.12/turn               l - ring of positive energy

@: about to teleport
A: sickness immunity, AC +8, negative energy resistance 1, electricity
resistance, torment resistance 1, petrification resistance, hooves 1, agile 1,
sturdy frame 1
a: Renounce Religion, Heroism, Finesse


You were on level 3 of the Abyss.
You worshipped Okawaru.
Okawaru was greatly pleased with you.
You visited 3 branches of the dungeon, and saw 12 of its levels.
You visited the Abyss 1 time.

You collected 1291 gold pieces.

Inventory:

Hand Weapons
 a - a +1 spectral flail
 I - a +2 eveningstar (weapon)
Missiles
 F - 2 throwing nets (quivered)
Armour
 b - a +0 scale mail (worn)
 c - a +1 buckler (worn)
Jewellery
 d - a ring of protection from fire
 l - a ring of positive energy (right hand)
 n - a ring of protection from fire (left hand)
 r - a ring of resist corrosion
Wands
 j - a wand of mindburst (20)
 p - a wand of iceblast (14)
 s - a wand of polymorph (7)
 E - a wand of paralysis (8)
Scrolls
 o - 2 scrolls of fog
 A - a scroll of blinking
Potions
 g - 3 potions of brilliance
 h - a potion of flight {unknown}
 i - 5 potions of curing
 k - 2 potions of haste
 m - 2 potions of lignification
 q - 2 potions of might
 t - a potion of ambrosia
 v - a potion of cancellation
 w - a potion of degeneration {unknown}
 x - a potion of magic
 z - a potion of invisibility
 C - 2 potions of berserk rage
 D - a potion of attraction


   Skills:
 * Level 14.7 Fighting
 + Level 9.7 Maces & Flails
 + Level 7.3 Armour
 + Level 7.3 Shields


You had 10 spell levels left.
You didn't know any spells.
Your spell library contained the following spells:

 Spells                   Type           Power      Damage    Failure   Level
 Blink                    Tloc           0%         N/A       77%         2
 Passwall                 Tmut/Erth      0%         N/A       77%         2
 Lesser Beckoning         Tloc           0%         N/A       94%         3
 Manifold Assault         Tloc           0%         N/A       100%        5
 Iron Shot                Conj/Erth      0%         9d1       100%        6


Dungeon Overview and Level Annotations

Branches:
Dungeon (10/15)            Temple (1/1) D:4            Lair (1/6) D:9
    Orc (0/2) D:9

Altars:
Cheibriados
Dithmenos
Elyvilon
Fedhas
Gozag
Hepliaklqana
Kikubaaqudgha
Makhleb
Nemelex Xobeh
Okawaru
Qazlal
Ru
Sif Muna
Trog
Uskayaw
Vehumet
Wu Jian
Xom
Yredelemnul
Zin
The Shining One

Shops:
D:2 [   D:3 [   D:5 (   D:8 *   D:9 *


Innate Abilities, Weirdness & Mutations

You are immune to sickness and miasma.
Your stone body is resilient. (AC +8)
You are immune to poison.
You resist negative energy. (rN+)
You are resistant to electric shocks. (rElec)
You are resistant to unholy torment.
You are immune to petrification.
You have large cloven feet.
You are agile. (Dex +2)
Your movements are slightly less encumbered by armour. (ER -2)


Message History

* * * LOW HITPOINT WARNING * * *
You are knocked back by the lance of force.
You slam into the rock wall!
* * * LOW HITPOINT WARNING * * *
You block the efreet's attack.
You feel much better. The efreet barely misses you.
Okay, then.
As you read the scroll of teleportation, it crumbles to dust.
You feel strangely unstable.
You feel the power of the Abyss delaying your translocation!
The efreet hits you with a +0 scimitar of flaming.
An ufetubus comes into view.
The wretched star glows turbulently.
The lance of force misses you. The efreet gestures at you.
The fireball explodes!
The fireball engulfs you. You resist.
* * * LOW HITPOINT WARNING * * *
You hear a roar!
The wretched star glows turbulently.
The lance of force hits you!
* * * LOW HITPOINT WARNING * * *
You are knocked back by the lance of force.
You slam into the rock wall!
You puncture the efreet! You kick the efreet, but do no damage.
The efreet is heavily wounded.
The large abomination is engulfed in blazing flames.
The wretched star is engulfed in blazing flames.
The efreet closely misses you.
You completely miss the efreet. You kick the efreet, but do no damage.
The efreet is heavily wounded.
The efreet gestures at you. The bolt of fire hits you. You resist.
* * * LOW HITPOINT WARNING * * *
You impale the efreet!!
You kill the efreet!
That felt strangely unrewarding.
The wretched star is engulfed in blazing flames.
The wretched star glows turbulently.
The lance of force hits you!
You die...

### .## ##X.#.#..#
###...R°##○.. ☼##.
.#.#.## °#. # ○.#
#.#°###..####..○##.
#.##.X ### #..##XX
#X°#X..# .#### #
#*####. # .. # .#)#
X.. # # # #@#.. .
.# #... ##
.###..... # # .. .
# . .... #.R . ..
..° ☼ X .. . . §
..○ . # . §○ ###
###.# #. .# .# # .
# .# # . + #


You could see a wretched star and a large abomination.

Vanquished Creatures
  Erica (D:8)
  The ghost of QuickerDeath the Martial Artist, a novice MfTm of Wu Jian (D:9)
  A cane toad (Lair:1)
  A komodo dragon (D:9)
  An efreet (Abyss:3)
  2 trolls
  2 wraiths (D:10)
  A ynoxinul (D:9)
  4 yaks (D:9)
  The ghost of Mgcat the Covered, an amateur MeFi (D:3)
  A shadow (D:7)
  A steam dragon (D:7)
  3 water moccasins
  5 orc warriors
  2 black bears
  2 sky beasts
  An ogre (D:4)
  3 centaurs
  A phantom (D:6)
  3 kobold brigands
  A bullfrog (Lair:1)
  A gnoll sergeant (D:8)
  2 scorpions (D:5)
  3 necrophages
  4 wights (D:8)
  2 water moccasin zombies (D:3)
  18 killer bees
  3 howler monkeys
  2 bullfrog zombies (D:3)
  3 jellies
  3 orc priests (D:9)
  A centaur skeleton (D:3)
  2 hounds
  Jessica (D:3)
  6 orc wizards
  9 adders
  8 gnolls
  2 shadow imps (D:7)
  2 white imps
  An ufetubus (D:4)
  4 worms
  3 dart slugs
  21 orcs
  7 ball pythons
  7 endoplasms
  3 giant cockroaches
  7 goblins
  8 hobgoblins
  3 jackals (D:4)
  16 kobolds
  A quokka (D:2)
  4 bats
  A frilled lizard (D:2)
  6 rats
202 creatures vanquished.

Vanquished Creatures (others)
  4 fungi (Lair:1)
  13 plants
17 creatures vanquished.

Grand Total: 219 creatures vanquished

Notes
Turn   | Place    | Note
-------+----------+-------------------------------------------
     0 | D:1      | vineage the Gargoyle Fighter began the quest for the Orb.
     0 | D:1      | Reached XP level 1. HP: 14/14 MP: 1/1
   380 | D:1      | Reached XP level 2. HP: 17/19 MP: 2/2
  1123 | D:2      | Found Isyga's Armour Boutique.
  1189 | D:2      | Reached XP level 3. HP: 19/24 MP: 3/3
  1316 | D:2      | Reached skill level 4 in Fighting
  1343 | D:2      | Identified the +3 hunting sling "Tieloaj" {freeze, rF+
                  | Will+ rCorr}
  1561 | D:2      | Found a faded altar of an unknown god.
  1833 | D:3      | Reached XP level 4. HP: 28/29 MP: 4/4
  1962 | D:3      | Noticed Jessica
  1965 | D:3      | Killed Jessica
  2000 | D:3      | Found a runed translucent gate.
  2000 | D:3      | Found a runed translucent gate.
  2001 | D:3      | Found a runed translucent gate.
  2003 | D:3      | Noticed Mgcat's ghost (amateur MeFi)
  2100 | D:3      | Reached XP level 5. HP: 26/34 MP: 5/5
  2477 | D:3      | Found Faaduja's Antique Armour Shoppe.
  2800 | D:3      | Killed Mgcat's ghost
  2801 | D:3      | Reached skill level 5 in Fighting
  2801 | D:3      | Reached XP level 6. HP: 14/40 MP: 6/6
  2828 | D:3      | Reached XP level 7. HP: 17/45 MP: 7/7
  3025 | D:3      | Reached skill level 12 in Fighting
  3025 | D:3      | Reached XP level 8. HP: 62/62 MP: 8/8
  3647 | D:4      | Found a staircase to the Ecumenical Temple.
  3657 | Temple   | Entered the Ecumenical Temple
  3910 | Temple   | Became a worshipper of Warmaster Okawaru
  3971 | D:5      | Entered Level 5 of the Dungeon
  4008 | D:5      | Reached skill level 5 in Armour
  4008 | D:5      | Reached skill level 5 in Shields
  4093 | D:5      | Found Udael's Weapon Emporium.
  4562 | D:5      | Gained mutation: Your movements are slightly less
                  | encumbered by armour. (ER -2) [potion of mutation]
  4562 | D:5      | Gained mutation: You have large cloven feet. [potion of
                  | mutation]
  4562 | D:5      | Gained mutation: You are agile. (Dex +2) [potion of
                  | mutation]
  4877 | D:6      | Reached skill level 13 in Fighting
  5313 | D:6      | Reached XP level 9. HP: 68/68 MP: 9/9
  5579 | D:7      | Reached * piety under Okawaru
  5910 | D:7      | Noticed a troll
  5926 | D:7      | Killed a troll
  6302 | D:7      | Identified the +0 rapier of Defilement {venom, Str+5 Dex-2}
  6385 | D:8      | Reached ** piety under Okawaru
  6408 | D:8      | Found Ujuf's Demolitions Depot.
  6416 | D:8      | Noticed Erica
  6423 | D:8      | Killed Erica
  6424 | D:8      | Reached XP level 10. HP: 72/74 MP: 7/10
  7358 | D:9      | Reached skill level 14 in Fighting
  7363 | D:9      | Reached *** piety under Okawaru
  7882 | D:9      | Found a runed translucent door.
  7882 | D:9      | Noticed QuickerDeath's ghost (novice MfTm)
  8020 | D:9      | Reached **** piety under Okawaru
  8120 | D:9      | Identified a scroll of acquirement
  8120 | D:9      | Acquired 709 gold pieces
  8379 | D:9      | Found Rimuffut's General Store.
  8544 | D:9      | Found a staircase to the Lair.
  8561 | D:9      | Reached XP level 11. HP: 76/80 MP: 11/11
  8667 | D:9      | HP: 4/80 [orc warrior/+0 mace (11)]
  8970 | D:9      | Found a staircase to the Orcish Mines.
  9177 | Lair:1   | Entered Level 1 of the Lair of Beasts
 10324 | D:9      | Killed QuickerDeath's ghost
 10333 | D:9      | Got the Almanac of the Rocks
 10404 | D:10     | Entered Level 10 of the Dungeon
 10483 | D:10     | Noticed a wizard
 10490 | D:10     | Cast into level 3 of the Abyss (a wizard)
 10490 | Abyss:3  | Found a corrupted altar of Lugonu.
 10564 | Abyss:3  | Noticed a starcursed mass
 10604 | Abyss:3  | Noticed a wretched star
 10613 | Abyss:3  | Killed from afar by a wretched star

Illustrated notes

Levels and vault maps discovered:
D:1:      scummos_arrival_star, layout_loops_cross
D:2:      layout_loops_ring, serial_shops, shop, ebering_ecumenical_altar_webs
D:3:      layout_loops_ring, serial_shops, shop_fountains,
          gammafunk_ghost_necromancy, st_stairs_6, grunt_ministairs_11,
          minmay_misc_feat_alley, uniq_jessica
D:4:      layout_rooms, minmay_temple_entry_poolview
D:5:      layout_loops_ring, serial_shops, shop
D:6:      layout_basic
D:7:      cheibrodos_barr_body, layout_rooms, minmay_small_thing
D:8:      layout_basic, hangedman_abyss_or_decor_passed, nicolae_blasting_shop,
          uniq_erica
D:9:      layout_loops_ring, david_lair_shrubbed, erik_orc_2,
          hellmonk_ghost_big_iron, serial_shops, nicolae_stop_n_shop_1,
          minmay_misc_feat_ornament
D:10:     layout_roguey [special_room_kobold], mainiacjoe_overflow_paths
Temple:   regret_index_temple_sigil_plot
Lair:1:   dpeg_oklob_gauntlet, layout_chaotic_city, uniq_gastronok
Abyss:3:  base: D:13, minivault_19

Skill      XL: |  1  2  3  4  5  6  7  8  9 10 11 |
---------------+----------------------------------+-----
Fighting       | 4 5 12 13 14 | 14.7
Armour         | 4 5 6 7 |  7.3
Shields        | 4 5 6 7 |  7.3
Maces & Flails | 3 8 9 |  9.7

Action                   |  1- 3 |  4- 6 |  7- 9 | 10-12 || total
-------------------------+-------+-------+-------+-------++-------
Melee: Flail             |   123 |    91 |   218 |   147 ||   579
       Kick              |       |       |    44 |    88 ||   132
       Eveningstar       |       |       |       |   127 ||   127
Invok: Heroism           |       |       |     2 |     5 ||     7
  Use: Scroll            |     7 |       |    13 |    12 ||    32
       Potion            |       |     4 |     2 |     4 ||    10
Armor: Scale mail        |    60 |    43 |   104 |   127 ||   334
Dodge: Dodged            |    63 |    34 |    76 |   135 ||   308
Block: Buckler           |    22 |    23 |    57 |   108 ||   210

Table legend: (Time is in decaauts)
 A = Elapsed time spent in this place.
 B = Non-inter-level travel time spent in this place.
 C = Inter-level travel time spent in this place.
 D = Time resting spent in this place.
 E = Time spent auto-exploring this place.
 F = Levels seen in this place.
 G = Mean time per level.
                   A        B        C        D        E       F      G
               +--------+--------+--------+--------+--------+-----+--------+
         Total |  10670 |  10299 |    371 |   1333 |   7387 |  13 |  820.8 |
       Dungeon |   9314 |   9021 |    293 |    566 |   7055 |  10 |  931.4 |
        Temple |    271 |    245 |     26 |      0 |    227 |   1 |  271.0 |
          Lair |    961 |    909 |     52 |    767 |     83 |   1 |  961.0 |
         Abyss |    122 |    122 |      0 |      0 |     22 |   1 |  122.0 |
               +--------+--------+--------+--------+--------+-----+--------+

Top non-repeatable levels by time:
     D:9: 2154 daAuts
     D:3: 1257 daAuts
     D:2: 1083 daAuts
  Lair:1: 961 daAuts
     D:7: 911 daAuts
     D:8: 894 daAuts
     D:6: 851 daAuts
     D:1: 778 daAuts
     D:4: 648 daAuts
     D:5: 645 daAuts
  Temple: 271 daAuts
 Abyss:3: 122 daAuts
    D:10: 88 daAuts
